 Dungeon Crawl Stone Soup version 0.20-a0-1122-gb7cbeb9 (webtiles) character file.

60 AlphabetPasta the Grasshopper (level 3, 0/31 HPs)
             Began as a Deep Elf Warper on May 12, 2017.
             Succumbed to an adder's poison
             ... on level 2 of the Dungeon.
             The game lasted 00:06:20 (1309 turns).

AlphabetPasta the Grasshopper (Deep Elf Warper)     Turns: 1309, Time: 00:06:20

Health: 0/31       AC: 21    Str:  9    XL:     3   Next: 82%
Magic:  8/9        EV:  2    Int: 17    God:
Gold:   38         SH:  0    Dex: 19    Spells: 1/8 levels left

rFire    . . .     SeeInvis .   a - +0 short sword
rCold    . . .     Gourm    .   (no shield)
rNeg     + + +     Faith    .   (armour currently unavailable)
rPois    +         Spirit   .   (helmet currently unavailable)
rElec    .         Reflect  .   (cloak currently unavailable)
rCorr    .         Harm     .   (gloves currently unavailable)
MR       .....     NoTele   +   (boots currently unavailable)
Stlth    +++.......             (no amulet)
Regen    0.1/turn               (no ring)
MPRegen  0.2/turn               (no ring)

@: agile, lethally poisoned (0 -> -4), tree-form, shrouded, very slightly
contaminated, hasted, invisible (expiring), very quick
A: no striking features
a: no special abilities


You were on level 2 of the Dungeon.
You were not hungry.
You were a tree.
You visited 1 branch of the dungeon, and saw 2 of its levels.

You collected 38 gold pieces.

Inventory:

Hand Weapons
 a - a +0 short sword (weapon)
Missiles
 e - 5 tomahawks of dispersal (quivered)
Armour
 b - a +0 leather armour (melded)
 h - a +2 hat (melded)
Scrolls
 d - a scroll of blinking
 m - a scroll of enchant weapon {unknown}
Potions
 i - a potion of haste
 o - a potion of flight
Books
 c - a book of Spatial Translocations

   Spells                             Type                      Level
   a - Blink                          Translocation                2
   b - Shroud of Golubria             Charms/Translocation         2
   c - Lesser Beckoning               Translocation                3
   d - Gell's Gravitas                Translocation                3
   e - Teleport Other                 Translocation                3
   f - Passage of Golubria            Translocation                4
Comestibles
 f - a bread ration
 g - 12 chunks of flesh
 j - 3 fruits
 k - 2 meat rations


   Skills:
 * Level 2.2 Fighting
 + Level 2.2 Short Blades
 - Level 1.0 Throwing
 + Level 1.2 Armour
 + Level 2.9 Dodging
 + Level 3.3 Spellcasting
 + Level 1.5 Charms
 * Level 3.5 Translocations


You had one spell level left.
You knew the following spells:

 Your Spells              Type           Power        Failure   Level  Hunger
a - Blink                 Tloc           N/A          6%          2    ##.....
b - Shroud of Golubria    Chrm/Tloc      ##........   9%          2    ##.....
c - Gell's Gravitas       Tloc           ###.......   12%         3    ###....


Dungeon Overview and Level Annotations

Branches:
Dungeon (2/15)

Altars:


Message History

You feel sick.
* * * LOW HITPOINT WARNING * * *
You feel sick.
* * * LOW HITPOINT WARNING * * *
You feel sick.
* * * LOW HITPOINT WARNING * * *
You feel sick.
You turn into a tree.
Your +2 hat melds into your body.
Your +0 leather armour melds into your body.
Your roots penetrate the ground.
* * * LOW HITPOINT WARNING * * *
You feel sick.
* * * LOW HITPOINT WARNING * * *
You feel sick.
* * * LOW HITPOINT WARNING * * *
You feel sick.
Okay, then.
You flicker for a moment.
Unknown command.
You die...

#.##...[#
.♣#.##..#.##.# ...
!♣#..........#
....
.♣####.#######
.#..# ### .♣####.#
P....##.. .♣..##.#
P.P.P.#.# .♣#.##.#
.....P..#♣†♣.....#
.[..P....♣.##.####
...♣...#####.#
♣...#####.#
..♣♣♣♣♣P........#
#......)#########
##..P.P## #...###
..# .


There were no monsters in sight!

Vanquished Creatures
  2 adders (D:2)
  2 oozes (D:1)
  A dart slug (D:1)
  5 goblins (D:1)
  3 hobgoblins
  5 jackals
  A ball python (D:2)
  5 bats
  A frilled lizard (D:1)
  4 kobolds (D:1)
  3 rats (D:1)
32 creatures vanquished.

Notes
Turn   | Place    | Note
-------+----------+-------------------------------------------
     0 | D:1      | AlphabetPasta the Deep Elf Warper began the quest for the Orb.
     0 | D:1      | Reached XP level 1. HP: 12/12 MP: 6/6
   139 | D:1      | Reached skill level 1 in Armour
   249 | D:1      | Reached XP level 2. HP: 12/17 MP: 8/8
   262 | D:1      | Learned a level 2 spell: Blink
   265 | D:1      | Learned a level 2 spell: Shroud of Golubria
   722 | D:1      | Reached skill level 1 in Charms
   728 | D:1      | Reached XP level 3. HP: 19/21 MP: 9/9
   788 | D:1      | Learned a level 3 spell: Gell's Gravitas
  1076 | D:1      | Learned a level 3 spell: Gell's Gravitas
  1305 | D:2      | HP: 1/31 [poisoned by an adder]
  1309 | D:2      | Succumbed to an adder's poison

Vault maps used:
D:1:      dpeg_arrival_brainrot, serial_park_tiny_pond, st_stairs_5
D:2:      serial_forest, infiniplex_forest_clump_tiny,
          infiniplex_forest_clump_medium, infiniplex_forest_clump_curved,
          infiniplex_forest_straight_5, infiniplex_forest_lined_ring,
          infiniplex_forest_straight_3, infiniplex_forest_clump_C, uniq_jessica

Skill      XL: |  1  2  3 |
---------------+----------+-----
Armour         | 1 |  1.2
Charms         | 1 |  1.5
Fighting       | 2 |  2.2
Short Blades   | |  2.2
Throwing       | |  1.0
Dodging        | |  2.9
Spellcasting   | |  3.3
Translocations | |  3.5

Action                   || total
-------------------------++-------
Melee: Short sword       ||   138
 Cast: Shroud of Golubri ||     7
  Use: Scroll            ||     7
       Potion            ||     5
 Stab: Sleeping          ||     1
  Eat: Chunk             ||     2
Armor: Leather armour    ||    44
Dodge: Dodged            ||    97
